 Dungeon Crawl Stone Soup version 0.18-a0-162-gde95368 (webtiles) character file.

1001 Sidor the Chopper (level 8, -2/61 HPs)
             Began as a Human Berserker on Nov 23, 2015.
             Was an Elder of Trog.
             Slain by an orc warrior
             ... wielding a +0 glaive
              (16 damage)
             ... on level 6 of the Dungeon.
             The game lasted 00:53:58 (6203 turns).

Sidor the Chopper (Human Berserker)                 Turns: 6203, Time: 00:53:59

Health: -2/61      AC:  9    Str: 20    XL:     8   Next: 43%
Magic:  8/8        EV: 14    Int:  7    God:    Trog [****..]
Gold:   366        SH:  6    Dex: 13    Spells: 0 memorised, 7 levels left

rFire  . . .     SeeInvis .     f - +1 hand axe
rCold  . . .     Clarity  .     a - +0 ring mail {fuck}
rNeg   . . .     SustAt   .     t - +2 buckler
rPois  .         Gourm    .     (no helmet)
rElec  .         Spirit   .     g - +1 cloak
rCorr  .         Warding  .     n - +0 pair of gloves
rMut   .         Stasis   .     (no boots)
MR     ++...                    (no amulet)
Stlth  +.........               (no ring)
                                (no ring)

@: regenerating, very resistant to hostile enchantments, very unstealthy
A: repulsion field 1, blurry vision 1, MP-powered wands
a: Berserk, Trog's Hand, Brothers in Arms, Burn Spellbooks, Renounce Religion


You were on level 6 of the Dungeon.
You worshipped Trog.
Trog was greatly pleased with you.
You were not hungry.

You visited 1 branch of the dungeon, and saw 6 of its levels.

You collected 366 gold pieces.

Inventory:

Hand Weapons
 f - a +1 hand axe (weapon)
Missiles
 l - 28 poisoned needles
 s - 5 tomahawks of dispersal (quivered)
Armour
 a - a +0 ring mail (worn) {fuck}
 g - a +1 cloak (worn)
 n - a +0 pair of gloves (worn)
 t - a +2 buckler (worn)
Wands
 p - a wand of confusion (30)
 q - a wand of disintegration (7)
Scrolls
 c - a scroll of teleportation
 i - a scroll of magic mapping
 j - a scroll of recharging
 o - 2 scrolls of identify
Potions
 b - a potion of beneficial mutation
 d - a potion of brilliance
 e - a potion of curing
 h - a potion of haste
 m - a potion of poison {unknown}
 r - a potion of heal wounds {unknown}
 u - a potion of flight {unknown}
 v - a potion of agility {unknown}
Miscellaneous
 k - a plain deck of summoning


   Skills:
 + Level 4.8 Fighting
 + Level 5.3 Axes
 + Level 5.0 Armour
 + Level 4.9 Dodging
 + Level 1.8 Stealth
 + Level 1.5 Shields


You had 7 spell levels left.
You didn't know any spells.

Dungeon Overview and Level Annotations

Branches:
Dungeon (6/15)
 Temple: D:4-7

Altars:
Cheibriados
Dithmenos
Elyvilon
Fedhas
Gozag
Makhleb
Nemelex Xobeh
Qazlal
Trog
Xom
Zin
The Shining One
Beogh


Innate Abilities, Weirdness & Mutations

You are surrounded by a mild repulsion field (EV +2).
Scrolls take you a little longer to read.
You expend magic power (3 MP) to strengthen your wands.


Message History

The orc warrior hits you but does no damage.
The orc wizard casts a spell.
The orc wizard flickers and vanishes!
Deactivating autopickup; reactivate with Ctrl-A.
You barely miss the orc warrior. The orc warrior hits you with a glaive.
* * * LOW HITPOINT WARNING * * *
The orc warrior hits you but does no damage.
You hit the orc warrior but do no damage.
You closely miss the orc warrior. The orc warrior hits you with a glaive.
* * * LOW HITPOINT WARNING * * *
Wield which item (- for none, * to show all)? (? for menu, Esc to quit)
Okay, then.
Wield which item (- for none, * to show all)? (? for menu, Esc to quit)
Okay, then.
Drink which item? (? for menu, Esc to quit)
Okay, then.
Your skin crawls.
You feel resistant to hostile enchantments.
You feel slightly more hungry. The orc warrior hits you with a glaive!
You die...

### ... #.# #.#
####.###########
..#.##...^..... #
#.#..#.#######.
#.#..#####.##.#.# #...
#...o{o@........# #.#.
###.######.##.#######.#.
#............#.
####.#########. #.# ###
#. #.# ##.## #.
#.###.#.###.
#.##.###.### #.#.##
##..<


You could see an orc warrior and an orc.

Vanquished Creatures
  Prince Ribbit (D:6)
  An ice beast (D:5)
  A sky beast (D:5)
  A centaur (D:5)
  An ogre (D:5)
  3 crimson imps (D:5)
  A giant frog skeleton (D:4)
  2 orc priests (D:4)
  An iguana (D:5)
  2 worker ants
  A worker ant zombie (D:5)
  Robin (D:2)
  5 adders
  4 oozes
  An adder skeleton (D:5)
  5 worms
  6 orcs
  5 bats
  7 giant cockroaches
  9 hobgoblins
  8 jackals
  A ball python (D:1)
  7 giant geckos
  A giant gecko skeleton (D:5)
  A giant gecko zombie (D:4)
  A giant newt (D:3)
  18 goblins
  6 kobolds
  11 rats
112 creatures vanquished.

Notes
Turn   | Place    | Note
--------------------------------------------------------------
     0 | D:1      | Sidor the Human Berserker began the quest for the Orb.
     0 | D:1      | Reached XP level 1. HP: 18/18 MP: 1/1
   201 | D:1      | Reached XP level 2. HP: 20/24 MP: 2/2
   419 | D:1      | Reached XP level 3. HP: 29/29 MP: 3/3
   644 | D:1      | Reached ** piety under Trog
  1000 | D:2      | Found a snail-covered altar of Cheibriados.
  1001 | D:2      | Found a burning altar of Makhleb.
  1117 | D:2      | Found a bloodstained altar of Trog.
  1165 | D:2      | Reached XP level 4. HP: 8/37 MP: 4/4
  1520 | D:2      | Noticed Robin
  1533 | D:2      | Killed Robin
  2160 | D:2      | Reached *** piety under Trog
  2357 | D:3      | Reached XP level 5. HP: 35/42 MP: 5/5
  2637 | D:3      | Found a glowing silver altar of Zin.
  2641 | D:3      | Found a white marble altar of Elyvilon.
  2645 | D:3      | Found a glowing golden altar of the Shining One.
  3033 | D:3      | Found a shadowy altar of Dithmenos.
  3041 | D:3      | Reached skill level 1 in Stealth
  3830 | D:4      | Reached skill level 4 in Axes
  3860 | D:4      | Found a sparkling altar of Nemelex Xobeh.
  3876 | D:4      | Reached XP level 6. HP: 36/48 MP: 6/6
  4036 | D:4      | Found a roughly hewn altar of Beogh.
  4200 | D:4      | Found a blossoming altar of Fedhas.
  4354 | D:4      | Found a stormy altar of Qazlal.
  4760 | D:5      | Entered Level 5 of the Dungeon
  4770 | D:5      | Found a shimmering altar of Xom.
  4774 | D:5      | Noticed a sky beast
  4798 | D:5      | Reached **** piety under Trog
  4800 | D:5      | Killed a sky beast
  4800 | D:5      | Reached XP level 7. HP: 37/54 MP: 7/7
  5389 | D:5      | HP: 2/55 [ice beast (12)]
  5394 | D:5      | Gained mutation: You are surrounded by a mild repulsion field (EV +2). [potion of mutation]
  5394 | D:5      | Gained mutation: You expend magic power (3 MP) to strengthen your wands. [potion of mutation]
  5394 | D:5      | Gained mutation: Scrolls take you a little longer to read. [potion of mutation]
  5395 | D:5      | HP: 1/55 [ice beast (5)]
  5590 | D:5      | Reached XP level 8. HP: 49/61 MP: 8/8
  5733 | D:5      | Reached skill level 5 in Axes
  5744 | D:5      | Reached skill level 1 in Shields
  5758 | D:5      | Found an opulent altar of Gozag.
  5962 | D:6      | Noticed Prince Ribbit
  6196 | D:6      | Killed Prince Ribbit
  6196 | D:6      | Reached skill level 5 in Armour
  6203 | D:6      | Slain by an orc warrior

Vault maps used:
D:1:      dpeg_arrival_rooms_b
D:2:      grunt_temple_overflow_open, first_bread, trog_three_pillars_becter,
          uniq_robin
D:3:      good_gods_mini_temple, grunt_dithmenos_smoke
D:4:      fedhas_altar_1, kennysheep_little_box, nemelex_deck,
          gup_sewer_entry_bowl, kennysheep_orc_chapel
D:5:      old_standard_altar, basic_altar, st_stairs_9, minmay_small_thing
D:6:      uniq_prince_ribbit1

Action                   |  1- 3 |  4- 6 |  7- 9 || total
-------------------------+-------+-------+-------++-------
Melee: Hand axe          |   114 |   232 |   159 ||   505
Throw: Tomahawk          |       |     2 |       ||     2
Invok: Trog's Hand       |       |       |     2 ||     2
       Burn Spellbooks   |       |       |     1 ||     1
Evoke: Wand              |       |     1 |       ||     1
  Use: Scroll            |     3 |     2 |     3 ||     8
       Potion            |       |     1 |     3 ||     4
  Eat: Bread ration      |     1 |     2 |       ||     3
       Chunk             |       |       |     2 ||     2
       Meat ration       |       |       |     1 ||     1
